 Dungeon Crawl Stone Soup version 0.29-a0-275-g389c0b56f3 (webtiles) character file.

Game seed: 7466269790175695722

62891 tsouns the Thaumaturge (level 14, -12/72 HPs)
             Began as a Spriggan Enchanter on Mar 9, 2022.
             Was the Champion of Dithmenos.
             Shot with a bolt by an orc knight (24 damage)
             ... on level 2 of the Orcish Mines on Mar 11, 2022.
             The game lasted 00:55:36 (24157 turns).

tsouns the Thaumaturge (Spriggan Enchanter)        Turns: 24157, Time: 00:55:36

Health: -12/72     AC: 12    Str:  4    XL:     14   Next: 66%
Magic:  13/33      EV: 18    Int: 32    God:    Dithmenos [******]
Gold:   1601       SH:  0    Dex: 20    Spells: 21/41 levels left

rFire   + . .      SeeInvis +   k - +9 dagger of Geduk {spect, rElec}
rCold   . . .      Faith    .   (no shield)
rNeg    . . .      Spirit   .   f - +2 robe of Fuuloden {rF+ Will+ Dex+3}
rPois   .          Reflect  .   F - +5 hat of Xesmebeats {Rampage Will++}
rElec   +          Harm     .   q - +2 cloak
rCorr   .          Rampage  +   (gloves unavailable)
Will    +++++                   (boots unavailable)
Stlth   +++++.....              (no amulet)
HPRegen 0.22/turn               e - +6 ring of intelligence
MPRegen 0.23/turn               y - +6 ring of intelligence

@: wreathed by umbra, very quick
A: very small, no large weapons, unfitting armour, see invisible, speed 3
a: Renounce Religion, Shadow Step, Shadow Form


You were on level 2 of the Orcish Mines.
You worshipped Dithmenos.
Dithmenos was exalted by your worship.
You visited 3 branches of the dungeon, and saw 22 of its levels.

You collected 1814 gold pieces.
You spent 213 gold pieces at shops.

Inventory:

Hand Weapons
 a - a +1 vampiric dagger
 k - the +9 dagger of Geduk (weapon) {spect, rElec}
   (You found it on level 2 of the Dungeon)

   When its wielder attacks, the weapon's spirit leaps out and strikes again.
   The spirit shares a part of any damage it takes with its wielder.
   rElec:     It insulates you from electricity.
 x - a +7 rapier of protection
 M - a +0 rapier of venom
Missiles
 H - a throwing net (quivered)
Armour
 f - the +2 robe of Fuuloden (worn) {rF+ Will+ Dex+3}
   (You found it on level 6 of the Dungeon)

   Dex:       It affects your dexterity (+3).
   rF:        It protects you from fire.
   Will:      It increases your willpower.
 q - a +2 cloak (worn)
 z - +0 steam dragon scales
 F - the +5 hat of Xesmebeats (worn) {Rampage Will++}
   (You acquired it on level 1 of the Lair of Beasts)

   Rampage:   It bestows one free step when moving towards enemies.
   Will:      It greatly increases your willpower.
 K - +0 acid dragon scales
Jewellery
 e - a +6 ring of intelligence (left hand)
 h - a ring of protection from fire
 y - a +6 ring of intelligence (right hand)
 A - a ring of fire
 D - a ring of flight
 L - a ring of willpower
 W - an amulet of guardian spirit
 Y - a ring of poison resistance
Wands
 g - a wand of digging (9)
 v - a wand of flame (12)
 C - a wand of mindburst (11)
 G - a wand of acid (28)
 N - a wand of iceblast (17)
 S - a wand of paralysis (13)
Scrolls
 b - 4 scrolls of fear
 d - 2 scrolls of enchant armour
 l - 10 scrolls of teleportation
 m - 4 scrolls of fog
 p - 2 scrolls of brand weapon
 s - 6 scrolls of vulnerability
 J - a scroll of immolation
 O - 4 scrolls of magic mapping
 P - 2 scrolls of holy word
 Q - a scroll of enchant weapon
 T - 3 scrolls of identify
 X - a scroll of silence
Potions
 c - 3 potions of invisibility
 i - 3 potions of brilliance
 j - 2 potions of attraction
 n - a potion of lignification
 o - 2 potions of flight
 r - 4 potions of mutation
 t - 5 potions of berserk rage
 u - 3 potions of might
 w - 6 potions of heal wounds
 B - 6 potions of curing
 E - a potion of haste
 I - a potion of ambrosia
 R - a potion of cancellation
 V - 2 potions of resistance
Miscellaneous
 U - a lightning rod (4/4)


   Skills:
 + Level 7.5 Fighting
 + Level 13.1 Short Blades
 - Level 2.6 Dodging
 - Level 4.4 Stealth
 + Level 14.1 Spellcasting
 + Level 5.0 Conjurations
 - Level 14.0 Hexes
 + Level 2.4 Necromancy
 + Level 10.0 Ice Magic
 + Level 2.2 Air Magic
 + Level 3.7 Invocations


You had 21 spell levels left.
You knew the following spells:

 Your Spells              Type           Power      Damage    Failure   Level
a - Ensorcelled Hibernat  Hex/Ice        100%       N/A       1%          2
b - Confusing Touch       Hex            84%        N/A       1%          3
c - Tukima's Dance        Hex            84%        N/A       1%          3
d - Dazzling Flash        Conj/Hex       100%       N/A       1%          3
e - Freezing Cloud        Conj/Ice/Air   28%        6-21      4%          5
f - Dispel Undead         Necr           38%        3d16      8%          4

Your spell library contained the following spells:

 Spells                   Type           Power      Damage    Failure   Level
 Shock                    Conj/Air       100%       1d9       1%          1
 Summon Small Mammal      Summ           88%        N/A       1%          1
 Corpse Rot               Necr/Air       74%        N/A       1%          2
 Sublimation of Blood     Necr           38%        N/A       1%          2
 Ozocubu's Armour         Ice            72%        N/A       1%          3
 Summon Guardian Golem    Hex/Summ       61%        N/A       1%          3
 Metabolic Englaciation   Hex/Ice        39%        N/A       1%          5
 Swiftness                Air            37%        N/A       2%          3
 Wereblood                Tmut           22%        N/A       3%          2
 Call Canine Familiar     Summ           22%        N/A       6%          3
 Iskenderun's Battlesphe  Conj           53%        2d10      7%          5
 Airstrike                Air            18%        N/A       8%          4
 Olgreb's Toxic Radiance  Pois           22%        N/A       21%         4
 Fireball                 Conj/Fire      19%        3d9       21%         5
 Simulacrum               Ice/Necr       29%        N/A       24%         6
 Ozocubu's Refrigeration  Ice            36%        4d12      28%         7
 Borgnjor's Vile Clutch   Necr/Erth      15%        N/A       34%         5
 Alistair's Intoxication  Tmut/Pois      14%        N/A       50%         5
 Conjure Ball Lightning   Conj/Air       23%        3x3d6     56%         6
 Iron Shot                Conj/Erth      19%        9d4       73%         6
 Death Channel            Necr           19%        N/A       75%         6
 Orb of Destruction       Conj           26%        9d9       91%         7
 Eringya's Noxious Bog    Tmut/Pois      11%        N/A       97%         6
 Spellforged Servitor     Conj/Summ      19%        N/A       99%         7
 Summon Hydra             Summ           11%        N/A       100%        7
 Ignition                 Fire           11%        3d5       100%        8
 Polar Vortex             Ice            36%        N/A       100%        9


Dungeon Overview and Level Annotations

Branches:
Dungeon (14/15)            Temple (0/1) D:6            Lair (6/6) D:9
  Swamp (0/4) Lair:3       Spider (0/4) Lair:4        Slime (0/5) Lair:6
    Orc (2/2) D:11            Elf (0/3) Orc:2
 Vaults: D:13-14

Altars:
Ashenzari
Dithmenos
Elyvilon
Hepliaklqana
Kikubaaqudgha
Makhleb
Nemelex Xobeh
Qazlal
Sif Muna
Wu Jian
Xom
Zin
The Shining One

Shops:
D:6 *

Annotations:
D:10 1 transporter
Orc:2 2 transporters, jt's ghost, journeyman DDFi


Innate Abilities, Weirdness & Mutations

You are very small and have problems with some larger weapons.
You are too small for most types of armour.
You have supernaturally acute eyesight. (SInv)
You cover ground extremely quickly. (Speed+++)


Message History

Aim: an orc knight, wielding a +0 glaive (lightly wounded, umbra, chance to affect: 54%)
The orc knight resists with some effort.
The orc knight hits you with a +0 glaive!!
You emit a cloud of dark smoke.
Casting: Ensorcelled Hibernation (safe; 1% risk of failure)
Confirm with . or Enter, or press ? or * to list all spells.
Casting: Dazzling Flash (safe; 1% risk of failure)
Press: ? - help, Dir - look around, f - activate The orc warrior is dazzled.
The orc knight is dazzled.
The orc knight hits you with a +0 glaive!
The orc warrior hits you with a +0 short sword of venom.
Unknown command.
The orc warrior is no longer blind.
Casting: Dazzling Flash (safe; 1% risk of failure)
Confirm with . or Enter, or press ? or * to list all spells.
Aiming: Freezing Cloud (dangerous; 4% risk of failure)
Press: ? - help, Dir - move target
Okay, then.
Casting: Freezing Cloud (dangerous; 4% risk of failure)
Confirm with . or Enter, or press ? or * to list all spells.
Aiming: Tukima's Dance (safe; 1% risk of failure)
Press: ? - help, Shift-Dir - straight line, f - orc knight
Aim: an orc knight, wielding a +0 glaive (lightly wounded, wandering, blind, hasn't noticed you, umbra, chance to affect: 69%)
The +0 glaive dances into the air!
The orc knight is no longer blind.
The orc warrior throws a boomerang.
The boomerang misses you.
The orc knight wields a +0 arbalest.
The orc knight shoots a bolt.
The bolt hits you!
* * * LOW HITPOINT WARNING * * *
You emit a cloud of dark smoke.
There is a stone staircase leading up here.
You climb upwards.
The orc shouts!
You hear a shout!
The orc shouts!
An orc wizard comes into view. It is wielding a +0 dagger.
The orc shouts!
There is a stone staircase leading down, spattered with blood here.
The orc wizard shouts!
You hear a shout!
You climb downwards.
Level annotation: 2 transporters, jt's ghost, journeyman DDFi The orc knight shoots a bolt.
The bolt hits you!!
You die...

#...##......)..............
##.........................
##.........................
.##...........................
##...[##.....[................
......###......................
#..#...#..[...................##
.......[#).........<...........#
........)##.....@..oo.........#
..............................##
......).........)....$$........#
........)......................#
##......................§§§§..#
#.#......#..............§§§...##
......<............$....§§§....#
#.##....................§.§....#
## ##.................§§§......#


You could see an orc knight and an orc warrior (strong).

Vanquished Creatures
  Gastronok (D:8)
  Donald (Orc:1)
  A minotaur (D:13)
  5 hydras
  3 centaur warriors (D:14)
  3 two-headed ogres
  Erica (D:8)
  2 tengu warriors (D:13)
  A goliath frog (Lair:6)
  A wizard (D:14)
  A lindwurm (Lair:4)
  2 bog bodies (Lair:3)
  4 ugly things (D:14)
  An orc sorcerer (Orc:2)
  3 cyclopes
  An oklob plant (Lair:4)
  7 elephants
  Maurice (D:11)
  4 black mambas
  A gargoyle (D:10)
  28 cane toads
  Psyche (D:11)
  10 rime drakes
  An unseen horror (D:5)
  Maggie (D:6)
  2 torpor snails (Lair:3)
  A freezing wraith (D:14)
  6 komodo dragons
  2 trolls (D:11)
  4 polar bears
  A meliai (D:14)
  A hornet (D:7)
  4 tyrant leeches (Lair:6)
  16 blink frogs
  6 slime creatures
  3 wraiths
  Sigmund (D:3)
  4 wyverns
  8 basilisks
  4 steam dragons
  46 yaks
  5 vampire mosquitoes (Lair:6)
  An acid dragon (D:9)
  2 wargs (D:11)
  13 water moccasins
  2 black bears
  16 orc warriors
  An ice beast (D:7)
  7 ogres
  25 wolves
  20 centaurs
  A phantom (D:4)
  A necrophage (D:4)
  12 bullfrogs
  10 scorpions
  5 wights (D:10)
  14 killer bees
  3 howler monkeys
  3 electric eels
  A hound (D:5)
  5 jellies
  12 orc priests
  2 gnoll shamans
  3 iguanas
  Terence (D:3)
  15 orc wizards
  Robin (D:4)
  16 gnolls
  12 adders
  2 shadow imps
  An ufetubus (D:6)
  3 worms
  3 dart slugs
  48 orcs
  23 endoplasms
  4 giant cockroaches
  6 hobgoblins
  A quokka (D:3)
  2 training dummies (D:5)
  A ball python (D:1)
  7 bats
  2 frilled lizards (D:1)
  17 goblins
  6 kobolds
  3 rats
532 creatures vanquished.

Vanquished Creatures (collateral kills)
  A gnoll (D:8)
1 creature vanquished.

Vanquished Creatures (others)
  A human (D:14)
  An adder (D:6)
  39 fungi
  83 plants
124 creatures vanquished.

Grand Total: 657 creatures vanquished

Notes
Turn   | Place    | Note
-------+----------+-------------------------------------------
     0 | D:1      | tsouns the Spriggan Enchanter began the quest for the Orb.
     0 | D:1      | Reached XP level 1. HP: 9/9 MP: 5/5
   251 | D:1      | Reached XP level 2. HP: 13/13 MP: 6/6
   254 | D:1      | Learned a level 2 spell: Ensorcelled Hibernation
  1095 | D:1      | Found a faded altar of an unknown god.
  1431 | D:2      | Reached XP level 3. HP: 9/16 MP: 6/8
  1966 | D:2      | Reached skill level 1 in Ice Magic
  2174 | D:2      | Identified the +9 dagger of Geduk {spect, rElec}
  2238 | D:3      | Learned a level 3 spell: Confusing Touch
  2261 | D:3      | Reached XP level 4. HP: 21/21 MP: 4/9
  2444 | D:3      | Noticed Sigmund
  2445 | D:3      | Noticed Terence
  2469 | D:3      | Killed Terence
  2562 | D:3      | Killed Sigmund
  2563 | D:3      | Reached skill level 5 in Hexes
  2563 | D:3      | Reached XP level 5. HP: 24/24 MP: 9/11
  3049 | D:3      | Found a shadowy altar of Dithmenos.
  3050 | D:3      | Noticed a shadow
  3052 | D:3      | Found a hazy altar of Hepliaklqana.
  3106 | D:3      | Became a worshipper of Dithmenos the Shadowed
  3221 | D:3      | Found a glowing golden altar of the Shining One.
  3222 | D:3      | Found a shimmering altar of Xom.
  3223 | D:3      | Found an ancient bone altar of Kikubaaqudgha.
  3224 | D:3      | Found a sparkling altar of Nemelex Xobeh.
  3556 | D:4      | Reached XP level 6. HP: 28/28 MP: 9/12
  3869 | D:4      | Noticed Robin
  3877 | D:4      | Killed Robin
  4014 | D:4      | Found a stormy altar of Qazlal.
  4015 | D:4      | Found a shimmering blue altar of Sif Muna.
  4192 | D:4      | Reached * piety under Dithmenos
  4437 | D:4      | Reached XP level 7. HP: 32/32 MP: 2/14
  4839 | D:5      | Entered Level 5 of the Dungeon
  4868 | D:5      | Reached skill level 5 in Short Blades
  4868 | D:5      | Reached skill level 5 in Spellcasting
  5036 | D:5      | Found a broken altar of Ashenzari.
  5063 | D:5      | Found a burning altar of Makhleb.
  5105 | D:5      | Reached XP level 8. HP: 36/36 MP: 17/17
  5126 | D:5      | Learned a level 3 spell: Tukima's Dance
  5130 | D:5      | Learned a level 3 spell: Dazzling Flash
  5229 | D:5      | Found a white marble altar of Elyvilon.
  5261 | D:5      | Reached ** piety under Dithmenos
  5316 | D:5      | Noticed an unseen horror
  5321 | D:5      | Killed an unseen horror
  5322 | D:5      | Reached skill level 1 in Conjurations
  5886 | D:6      | Found a staircase to the Ecumenical Temple.
  6261 | D:6      | Found Umupoac's Assorted Antiques.
  6266 | D:6      | Bought a lumpy amethyst potion for 21 gold pieces
  6266 | D:6      | Bought a scroll labelled NYIFRIC MOPN for 24 gold pieces
  6266 | D:6      | Bought a runed rapier for 168 gold pieces
  6347 | D:6      | Identified the +2 robe of Fuuloden {rF+ Will+ Dex+3}
  6441 | D:6      | Reached XP level 9. HP: 39/39 MP: 20/20
  6673 | D:6      | Noticed Maggie
  6681 | D:6      | Killed Maggie
  6708 | D:6      | Found a glowing silver altar of Zin.
  6982 | D:7      | Reached skill level 5 in Ice Magic
  7142 | D:7      | Found an ornate altar of the Wu Jian Council.
  7633 | D:7      | Reached *** piety under Dithmenos
  7831 | D:8      | Reached XP level 10. HP: 35/44 MP: 20/23
  8517 | D:8      | Noticed Erica
  8524 | D:8      | Killed Erica
  8591 | D:8      | Noticed Gastronok
  9303 | D:8      | Killed Gastronok
 10128 | D:9      | Found a staircase to the Lair.
 10409 | Lair:1   | Entered Level 1 of the Lair of Beasts
 10467 | Lair:1   | Noticed a cane toad
 10472 | Lair:1   | Noticed a cane toad
 10476 | Lair:1   | Killed a cane toad
 10480 | Lair:1   | Killed a cane toad
 10544 | Lair:1   | Reached skill level 10 in Hexes
 10671 | Lair:1   | Noticed a cane toad
 10678 | Lair:1   | Killed a cane toad
 10779 | Lair:1   | Identified a scroll of acquirement
 10779 | Lair:1   | Acquired the +5 hat of Xesmebeats {Rampage Will++}
 10867 | Lair:1   | Noticed a cane toad
 10869 | Lair:1   | Noticed a four-headed hydra
 10880 | Lair:1   | Killed a cane toad
 10881 | Lair:1   | Reached XP level 11. HP: 48/48 MP: 18/25
 10892 | Lair:1   | Killed a four-headed hydra
 10893 | Lair:1   | Reached skill level 1 in Fighting
 11274 | Lair:2   | Reached **** piety under Dithmenos
 11279 | Lair:2   | Reached skill level 10 in Spellcasting
 12505 | Lair:3   | Reached skill level 10 in Short Blades
 12791 | Lair:3   | Noticed a bog body
 12792 | Lair:3   | Found a staircase to the Swamp.
 12793 | Lair:3   | Noticed a bog body
 12805 | Lair:3   | Killed a bog body
 12810 | Lair:3   | Killed a bog body
 12811 | Lair:3   | Reached XP level 12. HP: 58/58 MP: 21/28
 13028 | Lair:3   | Reached ***** piety under Dithmenos
 13634 | Lair:3   | Noticed a four-headed hydra
 13677 | Lair:3   | Killed a four-headed hydra
 14371 | Lair:4   | Reached skill level 5 in Fighting
 14685 | Lair:4   | Noticed a seven-headed hydra
 14692 | Lair:4   | Killed a seven-headed hydra
 14861 | Lair:4   | Found a hole to the Spider Nest.
 15426 | Lair:5   | Reached XP level 13. HP: 56/64 MP: 27/30
 16454 | Lair:6   | Entered Level 6 of the Lair of Beasts
 16819 | Lair:6   | Reached ****** piety under Dithmenos
 17779 | Lair:6   | Found a staircase to the Slime Pits.
 18193 | Lair:6   | HP: 3/66 [rime drake/flash freeze (24)]
 18441 | Lair:6   | Reached skill level 1 in Invocations
 18989 | D:10     | Entered Level 10 of the Dungeon
 19115 | D:10     | Found a transporter.
 19119 | D:10     | Found a transporter.
 19126 | D:10     | Found a transporter.
 19126 | D:10     | Found a transporter.
 19128 | D:10     | Found a transporter.
 19128 | D:10     | Found a transporter.
 19165 | D:10     | Reached XP level 14. HP: 45/70 MP: 8/32
 19921 | D:11     | Noticed Psyche
 19925 | D:11     | Killed Psyche
 19928 | D:11     | Noticed Maurice
 19932 | D:11     | Killed Maurice
 20135 | D:11     | You fall into a shaft and drop 3 floors!
 20498 | D:14     | Learned a level 5 spell: Freezing Cloud
 20503 | D:14     | Learned a level 4 spell: Dispel Undead
 20763 | D:14     | Reached skill level 1 in Air Magic
 20773 | D:14     | Reached skill level 1 in Necromancy
 21368 | D:13     | Found the +18 Lear's hauberk
 21552 | D:11     | Found a staircase to the Orcish Mines.
 22360 | Orc:1    | Entered Level 1 of the Orcish Mines
 22768 | Orc:2    | Entered Level 2 of the Orcish Mines
 22883 | Orc:2    | Reached skill level 5 in Conjurations
 22906 | Orc:2    | Reached skill level 10 in Ice Magic
 23042 | Orc:2    | Found a transporter.
 23178 | Orc:2    | Found a transporter.
 23184 | Orc:2    | Noticed jt's ghost (journeyman DDFi)
 23645 | Orc:2    | Noticed Donald
 23755 | Orc:2    | Found a staircase to the Elven Halls.
 23963 | Orc:1    | Killed Donald
 24157 | Orc:2    | Shot with a bolt by an orc knight

Illustrated notes

Levels and vault maps discovered:
D:1:      dpeg_arrival_arbitrary_a, layout_loops_ring,
          hellmonk_ecumenical_altar_arch_garden
D:2:      layout_rooms, minmay_misc_feat_five, serial_bayou_pond_d
D:3:      layout_basic, riverfiend_overflow_shadow_ancestor,
          mainiacjoe_overflow_alcove_3, glass_columns_a, lightli_corner_chamber,
          uniq_sigmund, uniq_terence
D:4:      layout_basic, nicolae_overflow_squiral, minivault_25,
          guppyfry_early_lair_pool, uniq_robin
D:5:      dreamdust_elfheim, layout_basic, mainiacjoe_overflow_tiny_flanked,
          elyvilon_altar_1, nicolae_overflow_crystal_walls,
          corexii_leaking_fountain, minmay_crossroads
D:6:      layout_cave_pools, zin_statuary, temple_fountains, serial_shops,
          shop_fountains, corexii_corridor_pit, st_stairs_12, uniq_maggie
D:7:      layout_gridville, nicolae_wu_jian_wuxing_cycle
D:8:      layout_loops_corners, uniq_erica, uniq_gastronok
D:9:      layout_irregular_city, dpeg_oklobed_lair, minivault_14,
          minmay_crystal_water, minmay_misc_feat_tower
D:10:     layout_basic, serial_nicolae_subway, nicolae_sub_station_metal,
          nicolae_sub_station_crystal, nicolae_sub_station_stone
D:11:     layout_stronghold, erik_orc_3, portal_ice_cave_rime, uniq_maurice,
          uniq_psyche
D:12:     layout_basic
D:13:     layout_stronghold, nicolae_trove_entry_isolated,
          hellmonk_guarded_unrand_lears, uniq_urug
D:14:     layout_roguey [special_room_bee], ximxim_vaults_locker_room,
          minmay_crystal_room, uniq_louise, uniq_roxanne
Lair:1:   layout_gridlike
Lair:2:   layout_loops_ring, st_stairs_13
Lair:3:   nzn_winding_woodlands_medium [nzn_winding_woodlands_5x5_checkerboard,
          nzn_winding_woodlands_5x15_eye, nzn_winding_woodlands_5x5_perimeter,
          nzn_winding_woodlands_5x5_open_star,
          nzn_winding_woodlands_center_triple_pond,
          nzn_winding_woodlands_5x5_three, nzn_winding_woodlands_5x5_default,
          nzn_winding_woodlands_5x15_lazy_stream,
          nzn_winding_woodlands_5x5_cross], layout_misc_corridors,
          skrybe_swamp_entry_bodies, lemuel_fruit_tree
Lair:4:   lemuel_slime, layout_regular_city, dummy_spider_entry,
          grunt_megastairs_5, serial_bayou_shore_b
Lair:5:   layout_hall_layers, infiniplex_staircase_pool_2
Lair:6:   minmay_lair_end_frog_pond, layout_loops_ring,
          minmay_slime_entry_oklob_enclosed, infiniplex_staircase_pool
Orc:1:    layout_diamond_mine
Orc:2:    st_orc_rangers, layout_caves, gammafunk_ghost_stat_death,
          statue_in_the_mist_lemuel, mines_bat_river, uniq_donald

Skill      XL: |  1  2  3  4  5  6  7  8  9 10 11 12 13 14 |
---------------+-------------------------------------------+-----
Short Blades   | 2 3 4 5 6 7 9 10 11 12 13 | 13.1
Hexes          | 4 5 6 7 8 10 11 12 13 14 | 14.0
Ice Magic      | 1 2 3 4 5 6 7 8 9 10 | 10.0
Spellcasting   | 3 4 5 7 8 9 11 12 13 14 | 14.1
Conjurations   | 2 3 4 5 |  5.0
Fighting       | 3 5 6 7 |  7.5
Invocations    | 1 3 |  3.7
Air Magic      | 2 |  2.2
Necromancy     | 2 |  2.4
Dodging        | |  2.6
Stealth        | |  4.4

Action                   |  1- 3 |  4- 6 |  7- 9 | 10-12 | 13-15 || total
-------------------------+-------+-------+-------+-------+-------++-------
Melee: Dagger            |   127 |    49 |   130 |   324 |   454 ||  1084
       Punch             |     2 |       |     1 |     4 |     8 ||    15
 Cast: Ensorcelled Hiber |    15 |    20 |    34 |   125 |   174 ||   368
       Confusing Touch   |       |     2 |     4 |    11 |    10 ||    27
       Dazzling Flash    |       |       |     5 |    12 |    31 ||    48
       Tukima's Dance    |       |       |       |     2 |     8 ||    10
       Freezing Cloud    |       |       |       |       |     5 ||     5
Evoke: Wand              |       |       |       |       |     3 ||     3
  Use: Scroll            |       |       |    20 |     9 |     5 ||    34
       Potion            |       |       |     1 |       |     3 ||     4
 Stab: Sleeping          |    13 |    14 |    34 |    90 |   115 ||   266
       Distracted        |       |       |     2 |     4 |     4 ||    10
       Confused          |       |       |     3 |     4 |    10 ||    17
       Invisible         |       |       |       |    10 |    17 ||    27
       Petrifying        |       |       |       |       |     1 ||     1
Armor: Robe              |     6 |     3 |     7 |    43 |    54 ||   113
Dodge: Dodged            |    92 |    17 |    82 |   217 |   314 ||   722

Table legend: (Time is in decaauts)
 A = Elapsed time spent in this place.
 B = Non-inter-level travel time spent in this place.
 C = Inter-level travel time spent in this place.
 D = Time resting spent in this place.
 E = Time spent auto-exploring this place.
 F = Levels seen in this place.
 G = Mean time per level.
                   A        B        C        D        E       F      G
               +--------+--------+--------+--------+--------+-----+--------+
         Total |  18576 |  18154 |    422 |    125 |  14781 |  22 |  844.4 |
       Dungeon |  10428 |  10184 |    244 |     75 |   8338 |  14 |  744.9 |
          Lair |   6668 |   6511 |    157 |      0 |   5413 |   6 | 1111.3 |
  Orcish Mines |   1480 |   1459 |     21 |     50 |   1029 |   2 |  740.0 |
               +--------+--------+--------+--------+--------+-----+--------+

Top non-repeatable levels by time:
  Lair:6: 2031 daAuts
  Lair:3: 1539 daAuts
     D:7: 1066 daAuts
     D:5: 1011 daAuts
     D:1: 975 daAuts
     D:4: 962 daAuts
     D:8: 910 daAuts
    D:14: 875 daAuts
     D:3: 855 daAuts
  Lair:5: 829 daAuts
   Orc:2: 826 daAuts
  Lair:2: 821 daAuts
  Lair:4: 816 daAuts
     D:2: 793 daAuts
    D:11: 765 daAuts
